 Dungeon Crawl Stone Soup version 0.28-a0-1356-g2ad6d04315 (webtiles) character file.

Game seed: 1159102301877971523

7443 tzalcoatl the Fighter (level 10, -7/132 HPs)
             Began as a White Draconian Conjurer on Dec 30, 2021.
             Was an Initiate of Yredelemnul.
             Shot with an arrow by a centaur warrior (13 damage)
             ... on level 10 of the Dungeon.
             The game lasted 01:18:07 (11395 turns).

tzalcoatl the Fighter (White Draconian Conjurer)   Turns: 11395, Time: 01:18:08

Health: -7/132     AC:  9    Str: 15    XL:     10   Next: 93%
Magic:  22/25      EV: 18    Int: 20    God:    Yredelemnul [......]
Gold:   398        SH:  0    Dex: 11    Spells: 6/17 levels left

rFire   . . .      SeeInvis .   a - +10 flail of the Mind {elec, rN+++ Will- Str+4 Stlth+}
rCold   + . .      Faith    +   (no shield)
rNeg    + + +      Spirit   .   (armour unavailable)
rPois   .          Reflect  .   (helmet restricted)
rElec   .          Harm     .   g - +0 cloak
rCorr   .          Rampage  .   d - +0 pair of gloves
Will    .....                   (no boots)
Stlth   ..........              M - amulet of faith
HPRegen 0.32/turn               D - ring of magical power
MPRegen 0.19/turn               m - +4 ring of evasion

@: berserking, very quick
A: breathe frost, AC +7, unfitting armour, cold resistance 1, cold-blooded
a: Breathe Frost, Renounce Religion, Recall Undead Harvest


You were on level 10 of the Dungeon.
You worshipped Yredelemnul.
Yredelemnul was noncommittal.
You visited 1 branch of the dungeon, and saw 10 of its levels.

You collected 488 gold pieces.
You spent 90 gold pieces at shops.

Inventory:

Hand Weapons
 a - the +10 flail of the Mind (weapon) {elec, rN+++ Will- Str+4 Stlth+}
   (You took it off an orc on level 4 of the Dungeon)

   It occasionally discharges a powerful burst of electricity upon striking a
   foe.
   Str:       It affects your strength (+4).
   rN:        It renders you almost immune to negative energy.
   Will:      It decreases your willpower.
   Stlth:     It makes you more stealthy.
 b - a +2 short sword of venom
 c - a +2 mace of protection
Missiles
 j - 19 poisoned darts
 u - 6 boomerangs
 w - a throwing net
Armour
 d - a +0 pair of gloves (worn)
 g - a +0 cloak (worn)
Jewellery
 f - a ring of protection from fire
 l - a ring of fire
 m - a +4 ring of evasion (right hand)
 C - a ring of wizardry
 D - a ring of magical power (left hand)
 L - a +4 ring of evasion
 M - an amulet of faith (around neck)
Wands
 r - a wand of mindburst (18)
 s - a wand of flame (47)
 J - a wand of iceblast (6)
Scrolls
 i - 2 scrolls of vulnerability {unknown}
 k - a scroll of noise {unknown}
 p - a scroll of amnesia {unknown}
 q - 2 scrolls of magic mapping {unknown}
 t - 4 scrolls of immolation {unknown}
 v - a scroll of acquirement {unknown}
 y - a scroll of fear {unknown}
 F - a scroll of enchant armour {unknown}
 G - 5 scrolls of enchant weapon
 H - 4 scrolls of teleportation
 I - a scroll of torment {unknown}
Potions
 e - 2 potions of might
 h - a potion of brilliance {unknown}
 n - a potion of ambrosia {unknown}
 x - 2 potions of berserk rage
 z - a potion of flight
 A - a potion of cancellation {unknown}
 B - a potion of heal wounds {unknown}
 E - 3 potions of mutation
 K - a potion of haste {unknown}
Miscellaneous
 o - a phantom mirror


   Skills:
 + Level 8.3 Fighting
 + Level 7.7 Maces & Flails
 + Level 7.2 Dodging
 - Level 2.1 Stealth
 - Level 4.0 Spellcasting
 - Level 7.0 Conjurations
 * Level 8.0 Ice Magic
 - Level 4.0 Invocations


You had 6 spell levels left.
You knew the following spells:

 Your Spells              Type           Power      Damage    Failure   Level
a - Magic Dart            Conj           100%       1d8       1%          1
b - Freeze                Ice            100%       1d11      1%          1
c - Searing Ray           Conj           64%        2d6       1%          2
d - Frozen Ramparts       Ice            72%        1d9       1%          3
e - Hailstorm             Conj/Ice       34%        3d9       6%          4

Your spell library contained the following spells:

 Spells                   Type           Power      Damage    Failure   Level
 Dazzling Flash           Conj/Hex       36%        N/A       9%          3
 Stone Arrow              Conj/Erth      36%        3d9       9%          3
 Animate Skeleton         Necr           8%         N/A       13%         1
 Apportation              Tloc           8%         N/A       13%         1
 Sandblast                Erth           8%         2d5       13%         1
 Summon Small Mammal      Summ           16%        N/A       13%         1
 Blink                    Tloc           8%         N/A       19%         2
 Passwall                 Tmut/Erth      3%         N/A       19%         2
 Fulminant Prism          Conj/Hex       9%         3d7       30%         4
 Iskenderun's Mystic Bla  Conj/Tloc      18%        2d6       30%         4
 Gell's Gravitas          Tloc           4%         N/A       36%         3
 Teleport Other           Tloc           4%         N/A       36%         3
 Olgreb's Toxic Radiance  Pois           4%         N/A       77%         4
 Manifold Assault         Tloc           4%         N/A       98%         5
 Dispersal                Tloc           2%         N/A       100%        6
 Ozocubu's Refrigeration  Ice            18%        4d8       99%         7
 Storm Form               Tmut/Air       2%         N/A       100%        7
 Ignition                 Fire           2%         3d3       100%        8


Dungeon Overview and Level Annotations

Branches:
Dungeon (10/15)            Temple (0/1) D:5
   Lair: D:8-11         Orc: D:9-12

Altars:
Elyvilon
Hepliaklqana
Okawaru
Qazlal
Uskayaw
Vehumet
Yredelemnul
The Shining One

Shops:
D:10 *


Innate Abilities, Weirdness & Mutations

You can breathe waves of freezing cold which knock back foes.
Your icy white scales are hard. (AC +7)
You cannot fit into any form of body armour.
Your flesh is cold resistant. (rC+)
You are cold-blooded and may be slowed by cold attacks.


Message History

Casting: Freeze (safe; 1% risk of failure)
Confirm with . or Enter, or press ? or * to list all spells.
Aiming: Freeze (safe; 1% risk of failure)
Press: ? - help, Shift-Dir - straight line, f/p - yak
Aim: a yak (heavily wounded)
You freeze the yak.
The yak is severely wounded.
The yak gores you!
Your steam dragon zombie bites the centaur warrior.
Your steam dragon zombie claws the centaur warrior but does no damage.
Casting: Freeze (safe; 1% risk of failure)
Confirm with . or Enter, or press ? or * to list all spells.
Aiming: Freeze (safe; 1% risk of failure)
Press: ? - help, Shift-Dir - straight line, f/p - yak
Aim: a yak (severely wounded)
You freeze the yak!
The yak is almost dead.
The yak gores you!
* * * LOW HITPOINT WARNING * * *
Your steam dragon zombie bites the centaur warrior.
Your steam dragon zombie barely misses the centaur warrior.
Casting: Freeze (safe; 1% risk of failure)
Confirm with . or Enter, or press ? or * to list all spells.
Aiming: Freeze (safe; 1% risk of failure)
Press: ? - help, Shift-Dir - straight line, f/p - yak
Aim: a yak (almost dead)
You freeze the yak!
You kill the yak!
The centaur warrior shoots an arrow.
The arrow hits you!!
* * * LOW HITPOINT WARNING * * *
Your steam dragon zombie bites the centaur warrior but does no damage.
Your steam dragon zombie claws the centaur warrior but does no damage.
The centaur warrior shoots an arrow.
Your Ice Magic skill increases to level 8!
A red film seems to cover your vision as you go berserk!
You feel yourself moving faster!
You feel mighty! Something hits you.
* * * LOW HITPOINT WARNING * * *
The centaur warrior shoots an arrow.
The arrow hits you!
You die...
Your body rises from the dead as a mindless zombie.

..............#.#
#.
##..####.##...##c
. #.. ......
#.####..#.# #u ..
.####..#.# ##.##.
. #.# # #.#.#
#..#.#. ..## ...#
##.##Y##... ...
#..#.#..# . #.#
#..#u#.##.... #.#
#.@.cZ....#
#.####.#### ....
.# #..### .. ....
### #... ####


You could see a cyan ugly thing, a centaur warrior (ally target) and a friendly
steam dragon zombie.

Vanquished Creatures
  A two-headed ogre (D:8)
  A deep elf pyromancer (D:10)
  Maggie (D:6)
  2 wraiths (D:10)
  12 yaks
  2 steam dragons
  Edmund (D:4)
  A water moccasin (D:7)
  An orc warrior (D:8)
  A sky beast (D:8)
  A necrophage (D:4)
  2 ice beasts (D:5)
  An ogre (D:5)
  4 centaurs
  Blork the orc (D:6)
  A kobold brigand (D:8)
  A bullfrog (D:7)
  6 scorpions
  A wyvern zombie (D:8)
  A water moccasin skeleton (D:4)
  A yak zombie (D:9)
  5 killer bees
  3 wights (D:9)
  An electric eel (D:7)
  3 howler monkeys
  4 centaur zombies
  3 jellies
  3 centaur skeletons
  3 orc priests
  A gnoll shaman (D:5)
  A scorpion zombie (D:4)
  An iguana (D:5)
  An orc wizard (D:8)
  A hound zombie (D:5)
  A hound skeleton (D:4)
  10 gnolls
  A howler monkey skeleton (D:7)
  8 adders
  A white imp (D:8)
  An ufetubus (D:6)
  An adder zombie (D:5)
  An adder skeleton (D:4)
  6 worms
  2 dart slugs
  16 orcs
  6 ball pythons
  7 bats
  7 endoplasms
  A giant cockroach (D:3)
  7 goblins
  6 hobgoblins
  4 jackals (D:2)
  4 quokkas
  9 frilled lizards
  10 kobolds
  An orc zombie (D:8)
  11 rats
194 creatures vanquished.

Vanquished Creatures (collateral kills)
  Sigmund (D:4)
  Menkaure (D:6)
  An ice beast (D:5)
  2 killer bees
  2 wights (D:9)
  An orc wizard (D:5)
  2 gnolls (D:3)
  4 orcs
  An endoplasm (D:3)
  A hobgoblin (D:4)
  2 kobolds (D:8)
18 creatures vanquished.

Vanquished Creatures (others)
  An elf zombie (D:10)
  A yak zombie (D:9)
  A centaur zombie (D:8)
  A scorpion zombie (D:5)
  A howler monkey zombie (D:4)
  2 spectral jellies (D:5)
  6 gnoll zombies
  A giant cockroach zombie (D:3)
  6 orc zombies
  A rat zombie (D:3)
  2 spectral endoplasms
  A spectral ufetubus (D:6)
  5 plants
29 creatures vanquished.

Grand Total: 241 creatures vanquished

Notes
Turn   | Place    | Note
-------+----------+-------------------------------------------
     0 | D:1      | tzalcoatl the Draconian Conjurer began the quest for the
                  | Orb.
     0 | D:1      | Reached XP level 1. HP: 14/14 MP: 3/3
   447 | D:1      | Reached XP level 2. HP: 20/20 MP: 3/5
  1505 | D:2      | Reached XP level 3. HP: 27/27 MP: 2/6
  1635 | D:2      | Learned a level 2 spell: Searing Ray
  1639 | D:2      | Learned a level 3 spell: Frozen Ramparts
  1860 | D:2      | Reached skill level 1 in Fighting
  1862 | D:2      | Learned a level 1 spell: Freeze
  1939 | D:2      | Reached XP level 4. HP: 35/35 MP: 3/8
  2812 | D:3      | Found a basalt altar of Yredelemnul.
  2826 | D:3      | Became a worshipper of Yredelemnul the Dark
  3010 | D:3      | Reached XP level 5. HP: 32/40 MP: 0/9
  3162 | D:3      | Found a faded altar of an unknown god.
  3165 | D:3      | You fall into a shaft and drop 1 floor!
  3268 | D:4      | Noticed a necrophage
  3360 | D:4      | Killed a necrophage
  3360 | D:4      | Reached * piety under Yredelemnul
  3361 | D:4      | Reached XP level 6. HP: 48/50 MP: 5/12
  3383 | D:4      | Reached skill level 5 in Conjurations
  4101 | D:3      | Found a stormy altar of Qazlal.
  4285 | D:4      | Your scales start taking on an icy white colour.
  4285 | D:4      | Reached XP level 7. HP: 57/57 MP: 8/13
  4285 | D:4      | Gained mutation: Your flesh is cold resistant. (rC+) [White
                  | Draconian growth]
  4389 | D:4      | Identified the +9 rapier "Zuewoedo" {freeze, rCorr Stlth+}
  4394 | D:4      | Reached ** piety under Yredelemnul
  4686 | D:4      | Reached skill level 1 in Ice Magic
  4726 | D:4      | Reached *** piety under Yredelemnul
  4789 | D:4      | Found a glowing golden altar of the Shining One.
  4837 | D:4      | Identified the +10 flail of the Mind {elec, rN+++ Will-
                  | Str+4 Stlth+}
  4837 | D:4      | Noticed Sigmund
  4859 | D:4      | Killed Sigmund
  4923 | D:4      | Noticed Edmund
  4928 | D:4      | Killed Edmund
  4993 | D:5      | Entered Level 5 of the Dungeon
  5054 | D:5      | Reached XP level 8. HP: 67/67 MP: 10/14
  5527 | D:5      | Reached skill level 1 in Maces & Flails
  5665 | D:5      | Reached skill level 5 in Fighting
  5665 | D:5      | Reached skill level 1 in Invocations
  5668 | D:5      | Reached skill level 5 in Dodging
  5682 | D:5      | Found a staircase to the Ecumenical Temple.
  5685 | D:5      | Upgraded the game from 0.28-a0-1347-g113dc556a4 to
                  | 0.28-a0-1356-g2ad6d04315
  5690 | D:5      | Learned a level 4 spell: Hailstorm
  6073 | D:5      | Reached XP level 9. HP: 71/75 MP: 9/15
  6562 | D:5      | Found a white marble altar of Elyvilon.
  6862 | D:6      | Noticed Blork the orc
  6872 | D:6      | Killed Blork the orc
  6944 | D:6      | Noticed Maggie
  6967 | D:6      | Killed Maggie
  6968 | D:6      | Reached skill level 5 in Maces & Flails
  7638 | D:6      | Noticed Menkaure
  7648 | D:6      | Killed Menkaure
  8938 | D:8      | Noticed a two-headed ogre
  8949 | D:8      | Killed a two-headed ogre
  8950 | D:8      | Reached XP level 10. HP: 86/86 MP: 16/16
  9282 | D:8      | Found an iron altar of Okawaru.
  9421 | D:8      | Reached skill level 5 in Ice Magic
  9432 | D:8      | Reached **** piety under Yredelemnul
  9912 | D:9      | Noticed a +0 dagger
  9912 | D:9      | Noticed a +0 short sword
  9912 | D:9      | Noticed a +0 spear
  9913 | D:9      | Noticed a +0 falchion
  9915 | D:9      | Found a hide-covered altar of Uskayaw.
  9915 | D:9      | Noticed a +0 falchion
  9915 | D:9      | Noticed a +0 spear
  9916 | D:9      | Noticed a +0 short sword
  9916 | D:9      | Noticed a +0 dagger
 10249 | D:9      | Found a hazy altar of Hepliaklqana.
 10652 | D:9      | Found a radiant altar of Vehumet.
 10872 | D:10     | Entered Level 10 of the Dungeon
 10910 | D:10     | Noticed a purple ugly thing
 11025 | D:10     | Noticed a deep elf pyromancer
 11030 | D:10     | Killed a deep elf pyromancer
 11227 | D:10     | Found Ippih's Assorted Antiques.
 11233 | D:10     | Bought a scroll labelled ZOEPYT MANARE for 30 gold pieces
 11233 | D:10     | Bought a scroll of identify for 60 gold pieces
 11373 | D:10     | Noticed an ogre mage
 11374 | D:10     | Noticed a cyan ugly thing
 11374 | D:10     | Noticed a centaur warrior
 11395 | D:10     | HP: 6/132 [something (2)]
 11395 | D:10     | Shot with an arrow by a centaur warrior

Illustrated notes

Levels and vault maps discovered:
D:1:      nzn_arrival_crosshair, layout_basic, minmay_pentomino_v4
D:2:      minmay_chambers_of_twos, layout_loops_ring, minmay_lizard_pond
D:3:      layout_rooms, mainiacjoe_overflow_boulevard,
          mainiacjoe_overflow_alcove_1, shapermc_ecumenical_altar_totnotflames,
          minmay_misc_feat_tower
D:4:      minmay_chambers_of_fours, layout_cave_pools, tso_oasis_becter,
          sigmund_edmund_badplayer
D:5:      layout_basic, nicolae_elyvilon_temple_path, minmay_temple_entry_wispy,
          grunt_ministairs_13
D:6:      layout_gridville, uniq_blork_the_orc, uniq_menkaure, uniq_maggie
D:7:      layout_rooms, kennysheep_cluttered_room,
          hangedman_decor_diamond_cutter
D:8:      layout_basic, lemuel_crystal_altar
D:9:      layout_loops_ring, nicolae_uskayaw_en_pointe, old_standard_altar,
          nicolae_vehumet_altar_sigil, chequers_serial_rivers_small_b
D:10:     minmay_the_grid_triangle_9x9_recursive_2_mashed
          [minmay_the_grid_triangle_9x9_prize_insulated,
          minmay_the_grid_triangle_9x9_skeleton,
          minmay_the_grid_triangle_9x9_negative_grid,
          minmay_the_grid_triangle_9x9_stretched_checkered], layout_loops_cross,
          serial_shops, shop, minivault_20, minivault_10, uniq_josephine,
          uniq_erolcha

Skill      XL: |  1  2  3  4  5  6  7  8  9 10 |
---------------+-------------------------------+-----
Dodging        | 2 3 4 5 6 7 |  7.2
Stealth        | 2 |  2.1
Fighting       | 1 2 3 4 5 7 8 |  8.3
Spellcasting   | 3 4 |  4.0
Conjurations   | 5 6 7 |  7.0
Ice Magic      | 1 4 8 |  8.0
Maces & Flails | 4 6 7 |  7.7
Invocations    | 2 4 |  4.0

Action                   |  1- 3 |  4- 6 |  7- 9 | 10-12 || total
-------------------------+-------+-------+-------+-------++-------
Melee: Unarmed           |     4 |       |       |       ||     4
       Club              |     8 |       |       |       ||     8
       Flail             |     3 |       |    50 |    67 ||   120
       Rapier            |    17 |    76 |     4 |       ||    97
       Tailslap          |     1 |     7 |    10 |     8 ||    26
       Short sword       |       |       |    47 |       ||    47
 Cast: Magic Dart        |    73 |    88 |    83 |    13 ||   257
       Searing Ray       |     1 |    17 |    34 |    13 ||    65
       Freeze            |       |     3 |       |     6 ||     9
       Frozen Ramparts   |       |       |     1 |     1 ||     2
Invok: Recall Undead Har |       |     1 |     2 |     1 ||     4
       Dark Bargain      |       |       |       |     2 ||     2
 Abil: Breathe Frost     |       |       |     3 |       ||     3
  Use: Scroll            |       |       |       |     7 ||     7
       Potion            |       |       |       |     1 ||     1
 Stab: Distracted        |       |     1 |     1 |     1 ||     3
       Sleeping          |       |       |     2 |       ||     2
Armor: Skin              |    13 |    34 |    40 |    30 ||   117
Dodge: Dodged            |    35 |    92 |   134 |    77 ||   338

Table legend: (Time is in decaauts)
 A = Elapsed time spent in this place.
 B = Non-inter-level travel time spent in this place.
 C = Inter-level travel time spent in this place.
 D = Time resting spent in this place.
 E = Time spent auto-exploring this place.
 F = Levels seen in this place.
 G = Mean time per level.
                   A        B        C        D        E       F      G
               +--------+--------+--------+--------+--------+-----+--------+
         Total |  11429 |  11034 |    395 |     68 |   9191 |  10 | 1142.9 |
       Dungeon |  11429 |  11034 |    395 |     68 |   9191 |  10 | 1142.9 |
               +--------+--------+--------+--------+--------+-----+--------+

Top non-repeatable levels by time:
     D:5: 1737 daAuts
     D:1: 1448 daAuts
     D:2: 1343 daAuts
     D:8: 1263 daAuts
     D:4: 1196 daAuts
     D:9: 1135 daAuts
     D:3: 1026 daAuts
     D:6: 1021 daAuts
     D:7: 732 daAuts
    D:10: 523 daAuts
